 Dungeon Crawl Stone Soup version 0.26-a0-1060-g086102a3f0 (webtiles) character file.

Game seed: 10816787585723353865

1416 dolemite99 the Basher (level 8, -9/60 HPs)
             Began as a Demonspawn Fighter on Dec 13, 2020.
             Killed by nerve-wracking pain
             ... invoked by an orc priest
              (10 damage)
             ... on level 6 of the Dungeon.
             The game lasted 00:07:18 (9593 turns).

dolemite99 the Basher (Demonspawn Fighter)          Turns: 9593, Time: 00:07:19

Health: -9/60      AC:  6    Str: 20    XL:     8   Next: 43%
Magic:  8/8        EV: 12    Int:  9    God:
Gold:   77         SH:  9    Dex: 12    Spells: 7/7 levels left

rFire    . . .     SeeInvis .   a - +2 flail
rCold    . . .     Faith    .   c - +0 kite shield
rNeg     . . .     Spirit   .   b - +0 scale mail
rPois    .         Reflect  .   (no helmet)
rElec    .         Harm     .   (no cloak)
rCorr    .         Rampage  .   (no gloves)
Will     .....                  (no boots)
Stlth    ++........             (no amulet)
HPRegen  0.20/turn              B - ring of stealth
MPRegen  0.11/turn              r - +4 ring of evasion

@: mighty
A: powered by pain 1, rot immunity, sturdy frame 2
a: no special abilities


You were on level 6 of the Dungeon.
You visited 1 branch of the dungeon, and saw 6 of its levels.

You collected 197 gold pieces.
You spent 120 gold pieces at shops.

Inventory:

Hand Weapons
 a - a +2 flail (weapon)
 y - a cursed -3 whip
Missiles
 j - 51 sling bullets
 o - 7 poisoned darts (quivered)
 p - 175 stones
 x - 12 bolts
Armour
 b - a +0 scale mail (worn)
 c - a +0 kite shield (worn)
Jewellery
 r - a +4 ring of evasion (right hand)
 B - a ring of stealth (left hand)
 C - an uncursed ring of fire
Wands
 m - a wand of random effects (19)
 q - a wand of polymorph (1)
 A - a wand of paralysis (6)
Scrolls
 e - 2 scrolls of magic mapping
 g - a scroll of fear {unknown}
 h - 4 scrolls of immolation
 s - a scroll of fog
 u - a scroll of remove curse {unknown}
Potions
 d - a potion of might
 f - a potion of degeneration
 i - 3 potions of lignification {unknown}
 k - 3 potions of cancellation
 l - a potion of berserk rage {unknown}
 n - a potion of attraction
 t - a potion of haste
 v - a potion of mutation {unknown}
 w - 2 potions of heal wounds {unknown}


   Skills:
 - Level 4.3 Fighting
 - Level 9.1 Maces & Flails
 + Level 1.9 Throwing
 - Level 2.6 Armour
 - Level 2.6 Shields


You had 7 spell levels left.
You didn't know any spells.
Your spell library contained the following spells:

 Spells                   Type           Power        Failure   Level
 Confusing Touch          Hex            #.......     100%        3
 Gell's Gravitas          Tloc           #.........   100%        3
 Petrify                  Tmut/Erth      #.......     100%        4
 Metabolic Englaciation   Hex/Ice        #.........   100%        5
 Yara's Violent Unravell  Hex/Tmut       #.........   100%        5


Dungeon Overview and Level Annotations

Branches:
Dungeon (6/15)
 Temple: D:4-7

Altars:
Kikubaaqudgha
Nemelex Xobeh
The Shining One

Shops:
D:6 }}

Annotations:
D:3 exclusion: downstairs


Innate Abilities, Weirdness & Mutations

You sometimes gain a little power by taking damage.
You are immune to rotting.
Your movements are less encumbered by armour. (ER -4)


Message History

Beogh smites you!
* * * LOW HITPOINT WARNING * * *
You focus on the pain.
You feel mightier all of a sudden.
You barely miss the orc priest.
The orc priest is almost dead.
You block the orc's attack. You block the orc priest's attack.
The orc hits you with a +0 war axe.
* * * LOW HITPOINT WARNING * * *
The orc priest barely misses you.
You closely miss the orc priest.
The orc priest is almost dead.
* * * LOW HITPOINT WARNING * * *
You feel sick.
You are no longer poisoned.
You kill the orc priest!
You block the orc's attack.
The orc priest mumbles some strange prayers to Beogh against you.
Pain shoots through your body!
You die...

......
#.#####.....#
..... ...###
#...........#
..... #####
########.....#
+#+ .....
.......'.....+
####
########.....#
#####.....#
#....†....#
#.......#.#
#..o@)..#.#
#...oo..# #
#(......#
#...(.....
#...(......#
#..........#
........#..#
.$.......##^#


You could see an orc priest and 2 orcs.

Vanquished Creatures
  Duvessa (D:4)
  An ice beast (D:5)
  2 sky beasts (D:5)
  A necrophage (D:6)
  4 ogres
  A phantom (D:4)
  Dowan (D:4)
  2 hounds
  2 orc priests
  An orc wizard (D:3)
  A bullfrog skeleton (D:5)
  Terence (D:2)
  3 worker ants (D:4)
  Natasha (thrice) (D:3)
  An iguana (D:4)
  6 adders
  A shadow imp (D:6)
  An ooze (D:1)
  A worm (D:2)
  2 dart slugs
  4 leopard geckos
  2 orcs (D:3)
  7 bats
  4 giant cockroaches
  2 goblins
  7 hobgoblins
  6 jackals
  2 quokkas
  6 frilled lizards
  A jackal skeleton (D:4)
  6 kobolds
  3 quokka skeletons
  5 rats
91 creatures vanquished.

Notes
Turn   | Place    | Note
-------+----------+-------------------------------------------
     0 | D:1      | dolemite99 the Demonspawn Fighter began the quest for the
                  | Orb.
     0 | D:1      | Reached XP level 1. HP: 18/18 MP: 1/1
    80 | D:1      | Reached skill level 2 in Maces & Flails
   182 | D:1      | Gained mutation: You are immune to rotting. [demonic
                  | ancestry]
   182 | D:1      | Reached XP level 2. HP: 24/24 MP: 2/2
   485 | D:1      | Reached skill level 3 in Maces & Flails
  1000 | D:2      | Reached XP level 3. HP: 24/29 MP: 3/3
  1501 | D:2      | Noticed Terence
  1519 | D:2      | Killed Terence
  1520 | D:2      | Reached skill level 4 in Maces & Flails
  1520 | D:2      | Reached XP level 4. HP: 30/35 MP: 4/4
  2025 | D:2      | Found a sparkling altar of Nemelex Xobeh.
  2025 | D:2      | Found an ancient bone altar of Kikubaaqudgha.
  2105 | D:3      | Noticed Natasha
  2113 | D:3      | Killed Natasha
  3519 | D:3      | Gained mutation: Your movements are slightly less
                  | encumbered by armour. (ER -2) [demonic ancestry]
  3519 | D:3      | Reached XP level 5. HP: 41/41 MP: 5/5
  3528 | D:3      | Noticed Natasha
  3543 | D:3      | Killed Natasha
  3544 | D:3      | Reached skill level 5 in Maces & Flails
  3545 | D:3      | Noticed Natasha
  3559 | D:3      | Killed Natasha
  5256 | D:4      | Reached XP level 6. HP: 28/47 MP: 6/6
  5437 | D:4      | Reached skill level 6 in Maces & Flails
  5790 | D:4      | Noticed Dowan
  5837 | D:4      | Killed Dowan
  6158 | D:4      | Noticed Duvessa
  6164 | D:5      | Entered Level 5 of the Dungeon
  6170 | D:5      | Noticed a sky beast
  6405 | D:4      | Killed Duvessa
  6527 | D:4      | Reached skill level 7 in Maces & Flails
  6527 | D:4      | Gained mutation: Your movements are less encumbered by
                  | armour. (ER -4) [demonic ancestry]
  6527 | D:4      | Reached XP level 7. HP: 52/52 MP: 7/7
  7230 | D:5      | Reached skill level 8 in Maces & Flails
  8156 | D:5      | Gained mutation: You sometimes gain a little power by
                  | taking damage. [demonic ancestry]
  8156 | D:5      | Reached XP level 8. HP: 58/58 MP: 8/8
  8454 | D:5      | Reached skill level 9 in Maces & Flails
  8923 | D:5      | Found a glowing golden altar of the Shining One.
  9454 | D:6      | Found Muismuc's Gadget Shoppe.
  9460 | D:6      | Bought a wand of paralysis (6) for 120 gold pieces
  9486 | D:6      | Reached skill level 1 in Throwing
  9531 | D:6      | Found Peus's Gadget Emporium.
  9592 | D:6      | HP: 1/60 [orc/+0 war axe (6)]
  9593 | D:6      | Killed from afar by an orc priest

Illustrated notes

Levels and vault maps discovered:
D:1:      dpeg_arrival_arbitrary_c, layout_basic, minmay_misc_feat_columns
D:2:      layout_rooms, gammafunk_temple_overflow_elements, uniq_terence
D:3:      layout_basic, uniq_natasha
D:4:      layout_cave_pools, uniq_duvessa
D:5:      layout_basic, kennysheep_mini
D:6:      layout_basic, serial_shops, kennysheep_little_box,
          kennysheep_mini_moat, shop, shop, kennysheep_generic_room_2,
          uniq_edmund

Skill      XL: |  1  2  3  4  5  6  7  8 |
---------------+-------------------------+-----
Maces & Flails | 2 3 4 5 7 8 9 |  9.1
Fighting       | 4 |  4.3
Throwing       | 1 |  1.9
Armour         | |  2.6
Shields        | |  2.6

Action                   |  1- 3 |  4- 6 |  7- 9 || total
-------------------------+-------+-------+-------++-------
Melee: Flail             |   100 |   139 |   118 ||   357
       Unarmed           |    11 |     2 |       ||    13
Throw: Dart              |     8 |    54 |    31 ||    93
       Stone             |       |     2 |    14 ||    16
  Use: Potion            |     1 |     3 |     2 ||     6
       Scroll            |       |     8 |     2 ||    10
Armor: Scale mail        |    58 |    58 |    26 ||   142
Dodge: Dodged            |    51 |    44 |    34 ||   129
Block: Kite shield       |    50 |    71 |    51 ||   172

Table legend: (Time is in decaauts)
 A = Elapsed time spent in this place.
 B = Non-inter-level travel time spent in this place.
 C = Inter-level travel time spent in this place.
 D = Time resting spent in this place.
 E = Time spent auto-exploring this place.
 F = Levels seen in this place.
 G = Mean time per level.
                   A        B        C        D        E       F      G
               +--------+--------+--------+--------+--------+-----+--------+
         Total |   9661 |   9510 |    151 |   5046 |   3147 |   6 | 1610.2 |
       Dungeon |   9661 |   9510 |    151 |   5046 |   3147 |   6 | 1610.2 |
               +--------+--------+--------+--------+--------+-----+--------+

Top non-repeatable levels by time:
     D:3: 3141 daAuts
     D:5: 2128 daAuts
     D:4: 1987 daAuts
     D:2: 1110 daAuts
     D:1: 1015 daAuts
     D:6: 277 daAuts
